 Dungeon Crawl Stone Soup version 0.32-a0-361-g289a535e89 (webtiles) character file.

Game seed: 6561778791939845195

7123 greenreed the Grappler (level 10, -2/104 HPs)
             Began as a Troll Shapeshifter on Feb 18, 2024.
             Was a Priest of Okawaru.
             Shot with an arrow by a centaur warrior (17 damage)
             ... on level 9 of the Dungeon.
             The game lasted 00:16:27 (6169 turns).

greenreed the Grappler (Troll Shapeshifter)         Turns: 6169, Time: 00:16:28

Health: -2/104     AC: 16    Str: 32    XL:     10   Next: 85%
Magic:  9/9        EV: 12    Int: 10    God:    Okawaru [***...]
Gold:   166        SH:  0    Dex: 13    Spells: 9/9 levels left

rFire   . .          .
                       - Unarmed
rCold   . . .        (no shield)
rNeg    . . .        D - +4 robe of Augmentation {Str+4 Int+4 Dex+4}
rPois   .            (helmet currently unavailable)
rElec   .            (cloak currently unavailable)
rCorr   .            (gloves unavailable)
SInv    .            (boots unavailable)
Will    .....        (no amulet)
Stlth   +            E - +4 ring of protection
HPRegen 1.17/turn    G - +4 ring of protection
MPRegen 0.11/turn

%: no passive effects
@: beast-form
A: beast (slay +3), large, unfitting armour, claws 3, regeneration 1, shaggy fur
1, tough skin 1
a: Begin Untransformation, Renounce Religion, Heroism


You were on level 9 of the Dungeon.
You worshipped Okawaru.
Okawaru was most pleased with you.
You were a hulking beast.
You visited 2 branches of the dungeon, and saw 10 of its levels.

You collected 376 gold pieces.
You spent 210 gold pieces at shops.

Inventory:

Hand Weapons
 o - the +7 short sword "Qafa" {freeze, rElec rC+ MP+9 Str-5}
   (You found it on level 2 of the Dungeon)

   Str-5:     It affects your strength (-5).
   rC+:       It protects you from cold.
   rElec:     It insulates you from electricity.
   MP+9:      It affects your magic capacity (+9).
Missiles
 a - 14 atropa-tipped darts
 g - 3 throwing nets (quivered)
Armour
 y - a +0 robe of fire resistance
 D - the +4 robe of Augmentation (worn) {Str+4 Int+4 Dex+4}
   (You found it on level 6 of the Dungeon)

   Str+4:     It affects your strength (+4).
   Int+4:     It affects your intelligence (+4).
   Dex+4:     It affects your dexterity (+4).
Jewellery
 E - a +4 ring of protection (left claw)
 G - a +4 ring of protection (right claw)
 H - a ring of flight
Talismans
 c - a beast talisman (active)
 d - a flux talisman
Wands
 F - a wand of flame (16)
Scrolls
 b - a scroll of revelation {unknown}
 f - 2 scrolls of enchant weapon {unknown}
 l - 4 scrolls of identify {unknown}
 p - a scroll of fog {unknown}
 q - a scroll of acquirement {unknown}
 r - a scroll of immolation
 s - 3 scrolls of teleportation {unknown}
 t - a scroll of noise {unknown}
 v - a scroll of poison {unknown}
 w - a scroll of blinking {unknown}
 x - 2 scrolls of torment {unknown}
 C - a scroll of vulnerability {unknown}
Potions
 e - 5 potions of haste {unknown}
 h - 2 potions of brilliance {unknown}
 i - a potion of magic {unknown}
 j - 2 potions of invisibility {unknown}
 k - 3 potions of heal wounds {unknown}
 m - 5 potions of curing {unknown}
 n - a potion of enlightenment {unknown}
 u - a potion of berserk rage {unknown}
 z - a potion of degeneration {unknown}
 A - a potion of attraction {unknown}
 B - 2 potions of cancellation {unknown}


   Skills:
 * Level 8.3 Fighting
 + Level 5.8 Dodging
 * Level 10.3 Unarmed Combat
 + Level 6.8 Shapeshifting


You had 9 spell levels left.
You didn't know any spells.
Your spell library contained the following spells:

 Spells                   Type           Power      Damage    Failure   Level
 Static Discharge         Conj/Air       0%         3-3/arc   50%         2
 Fugue of the Fallen      Necr           0%         N/A       75%         3
 Inner Flame              Hex/Fire       0%         N/A       75%         3
 Ozocubu's Armour         Ice            0%         N/A       75%         3
 Airstrike                Air            0%         2d(0-16)  98%         4
 Flame Wave               Conj/Fire      0%         2d4       98%         4
 Manifold Assault         Tloc           0%         N/A       98%         4
 Sticky Flame             Fire/Alch      0%         2d4       98%         4
 Metabolic Englaciation   Hex/Ice        0%         N/A       100%        5
 Orb of Destruction       Conj           0%         9d5       100%        7
 Summon Small Mammal      Summ           Unusable   N/A       N/A         1
 Call Canine Familiar     Summ           Unusable   N/A       N/A         3
 Summon Blazeheart Golem  Fire/Summ      Unusable   N/A       N/A         4
 Summon Lightning Spire   Summ/Air       Unusable   N/A       N/A         4
 Sculpt Simulacrum        Ice/Alch       Unusable   N/A       N/A         6
 Spellforged Servitor     Conj/Summ      Unusable   N/A       N/A         7

Dungeon Overview and Level Annotations

Branches:
Dungeon (9/15)             Temple (1/1) D:7
   Lair: D:8-11         Orc: D:9-12

Altars:
Ashenzari
Dithmenos
Elyvilon
Fedhas
Gozag
Kikubaaqudgha
Makhleb
Okawaru
Ru
Sif Muna
Uskayaw
Vehumet
Wu Jian
Xom
Yredelemnul
The Shining One

Shops:
D:8 =

Annotations:
D:7 1 runed translucent door, Azoth's ghost, novice HuGl
D:9 1 exclusion


Innate Abilities, Weirdness & Mutations

You are a hulking beast.
Your limbs bulge with bestial killing power. (Slay +3)
You are too large for most types of armour.
You have claws for hands.
Your natural rate of healing is unusually fast.
You are covered in fur. (AC +1)
You have tough skin. (AC +1)


Message History

You barely miss the tengu warrior.
The tengu warrior is heavily wounded.
The tengu warrior hits you but does no damage.
The tengu warrior pecks you but does no damage.
The tengu warrior claws you but does no damage.
You mangle the tengu warrior!!
The tengu warrior is almost dead.
You mangle the tengu warrior!!
You kill the tengu warrior!
Okawaru is honoured by your kill.
You start resting.
HP restored.
Things that are here:
a +2 battleaxe; a +0 ring mail
There is an open door here.
A howler monkey comes into view.
You closely miss the howler monkey. The howler monkey closely misses you.
You mangle the howler monkey!!
You kill the howler monkey!
Okawaru accepts your kill.
No target in view!
Unknown command.
You see here a howler monkey corpse.
A centaur warrior comes into view.
It is wielding the +3 long sword "Ajuteos" {holy, Fly rElec Dex+4}.
The centaur warrior unwields the +3 long sword "Ajuteos" {holy, Fly rElec Dex+4}.
It stops glowing.
The centaur warrior wields a +0 orcbow.
The centaur warrior shoots an arrow.
The arrow completely misses you.
The centaur warrior shoots an arrow.
The arrow hits you!
The centaur warrior shoots an arrow.
The arrow hits you!!
The centaur warrior shoots an arrow.
The arrow hits you!
The centaur warrior shoots an arrow.
The arrow hits you!
The centaur warrior shoots an arrow.
The arrow hits you!
The centaur warrior shoots an arrow.
The arrow hits you!!
* * * LOW HITPOINT WARNING * * *
The centaur warrior shoots an arrow.
The arrow hits you.
* * * LOW HITPOINT WARNING * * *
The centaur warrior shoots an arrow.
The arrow hits you!
* * * LOW HITPOINT WARNING * * *
The centaur warrior shoots an arrow.
The arrow hits you!
You die...

##+ .... ....
....####+#
#.......#
#.......#########
#.......c.......#
#.....#########h#
##....# #.##.#
###....# #....#
..#....# #...##
.....c#### ###.#
.........# #.#
.........# #.#
..#......# #.#
.........# #.#


You could see a centaur warrior.

Vanquished Creatures
  A boulder beetle (D:8)
  A tengu warrior (D:9)
  Jeremiah (D:8)
  A troll (D:9)
  A hornet (D:6)
  Prince Ribbit (D:8)
  Sigmund (D:6)
  A wraith (D:9)
  5 yaks (D:9)
  A vampire (D:9)
  A wyvern (D:7)
  A steam dragon (D:9)
  An acid dragon (D:9)
  2 orc warriors (D:9)
  4 black bears
  2 ice beasts
  2 ogres
  2 centaurs (D:8)
  A phantom (D:4)
  Blork the orc (D:6)
  2 bullfrogs
  3 scorpions
  11 wights
  5 killer bees (D:9)
  6 howler monkeys
  A hound (D:4)
  2 jellies
  2 bombardier beetles
  5 orc priests
  3 iguanas
  Terence (D:2)
  11 orc wizards
  7 adders
  7 gnolls
  3 white imps
  4 dart slugs
  27 orcs
  3 ball pythons
  7 endoplasms
  6 giant cockroaches
  5 goblins
  4 hobgoblins
  4 kobolds (D:4)
  3 quokkas
  8 bats
  3 frilled lizards
  3 rats (D:3)
177 creatures vanquished.

Vanquished Creatures (others)
  An orc wizard (D:6)
1 creature vanquished.

Grand Total: 178 creatures vanquished

Notes
Turn   | Place    | Note
-------+----------+-------------------------------------------
     0 | D:1      | greenreed the Troll Shapeshifter began the quest for the
                  | Orb.
     0 | D:1      | Reached XP level 1. HP: 18/18 MP: 0/0
   119 | D:1      | Reached skill level 1 in Fighting
   143 | D:1      | Reached XP level 2. HP: 27/27 MP: 1/1
   509 | D:1      | Reached XP level 3. HP: 33/33 MP: 2/2
   939 | D:2      | Identified the +7 short sword "Qafa" {freeze, rElec rC+
                  | MP+9 Str-5}
  1005 | D:2      | Noticed Terence
  1010 | D:2      | Killed Terence
  1011 | D:2      | Reached XP level 4. HP: 35/42 MP: 3/3
  1060 | D:2      | Found a faded altar of an unknown god.
  1317 | D:3      | Reached skill level 4 in Unarmed Combat
  1511 | D:3      | Reached XP level 5. HP: 45/50 MP: 4/4
  1881 | D:4      | Reached XP level 6. HP: 59/59 MP: 5/5
  1944 | D:4      | Reached skill level 5 in Unarmed Combat
  2093 | D:4      | HP: 2/61 [black bear (9)]
  2095 | D:4      | Reached XP level 7. HP: 3/68 MP: 6/6
  2099 | D:4      | HP: 2/68 [goblin/sling bullet (2)]
  2615 | D:5      | Entered Level 5 of the Dungeon
  2675 | D:5      | Reached skill level 6 in Unarmed Combat
  2772 | D:5      | Reached XP level 8. HP: 79/79 MP: 7/7
  2809 | D:5      | Found a shimmering blue altar of Sif Muna.
  2814 | D:5      | Found a shimmering altar of Xom.
  3222 | D:5      | Reached skill level 5 in Fighting
  3316 | D:5      | Found a white marble altar of Elyvilon.
  3319 | D:5      | Found a basalt altar of Yredelemnul.
  3569 | D:6      | Noticed Sigmund
  3623 | D:6      | Killed Sigmund
  3624 | D:6      | Reached skill level 7 in Unarmed Combat
  3635 | D:6      | Noticed a hornet
  3655 | D:6      | Killed a hornet
  3656 | D:6      | Reached skill level 5 in Shapeshifting
  3756 | D:6      | Found a blossoming altar of Fedhas.
  3896 | D:6      | Reached XP level 9. HP: 89/89 MP: 8/8
  4015 | D:6      | Noticed Blork the orc
  4018 | D:6      | Found the +4 robe of Augmentation {Str+4 Int+4 Dex+4}
  4022 | D:6      | Killed Blork the orc
  4501 | D:7      | Found a burning altar of Makhleb.
  4552 | D:7      | Reached skill level 8 in Unarmed Combat
  4653 | D:7      | Found an ornate altar of the Wu Jian Council.
  4749 | D:7      | Found a staircase to the Ecumenical Temple.
  4754 | Temple   | Entered the Ecumenical Temple
  4754 | Temple   | Noticed a cacodemon
  4755 | Temple   | Noticed Rijith the pandemonium lord
  4755 | Temple   | Noticed an Ice Fiend
  4755 | Temple   | Noticed Fary the pandemonium lord
  4761 | Temple   | Noticed a Brimstone Fiend
  4762 | Temple   | Noticed Goqorph the pandemonium lord
  4763 | Temple   | Noticed a tormentor
  4771 | Temple   | Noticed Hughuotu the pandemonium lord
  4771 | Temple   | Noticed Jexumus the pandemonium lord
  4780 | Temple   | Noticed a balrug
  4780 | Temple   | Noticed Zonaoz the pandemonium lord
  4780 | Temple   | Noticed a shadow demon
  4780 | Temple   | Noticed an orange demon
  4797 | Temple   | Became a worshipper of Warmaster Okawaru
  4883 | D:7      | Found a runed translucent door.
  4884 | D:7      | Noticed Azoth's ghost (novice HuGl)
  5042 | D:8      | Noticed Jeremiah
  5092 | D:8      | Killed Jeremiah
  5092 | D:8      | Reached * piety under Okawaru
  5224 | D:8      | Noticed a boulder beetle
  5239 | D:8      | Killed a boulder beetle
  5240 | D:8      | Reached skill level 5 in Dodging
  5240 | D:8      | Reached skill level 9 in Unarmed Combat
  5240 | D:8      | Reached XP level 10. HP: 74/102 MP: 9/9
  5331 | D:8      | Found Peacabb's Jewellery Emporium.
  5388 | D:8      | Bought a ring of flight for 210 gold pieces
  5531 | D:8      | Noticed Prince Ribbit
  5542 | D:8      | Killed Prince Ribbit
  5709 | D:9      | Reached ** piety under Okawaru
  5992 | D:9      | Reached skill level 10 in Unarmed Combat
  6034 | D:9      | Noticed a boulder beetle
  6034 | D:9      | Noticed a tengu warrior
  6034 | D:9      | Noticed a death knight
  6082 | D:9      | Killed a tengu warrior
  6082 | D:9      | Reached *** piety under Okawaru
  6158 | D:9      | Identified the +3 long sword "Ajuteos" {holy, Fly rElec
                  | Dex+4}
  6158 | D:9      | Noticed a centaur warrior
  6169 | D:9      | Shot with an arrow by a centaur warrior

Illustrated notes

Levels and vault maps discovered:
D:1:      tarquinn_simple_flora_water_c, layout_loops_corners
D:2:      layout_rooms, shapermc_ecumenical_altar_petra, uniq_terence
D:3:      layout_rooms
D:4:      layout_basic, serial_aquarium, aquarium_bridge_square
          [aquarium_subvault_window, aquarium_subvault_wall,
          aquarium_subvault_bridge, aquarium_subvault_wall],
          aquarium_bridge_island_small [aquarium_subvault_small_open,
          aquarium_subvault_bridge, aquarium_subvault_bridge,
          aquarium_subvault_wall, aquarium_subvault_wall], aquarium_window_2,
          aquarium_window_1, aquarium_view_2e, aquarium_pool_five
D:5:      layout_basic, grunt_temple_overflow_open, hex_tiny
D:6:      nicolae_cairo_tiling_large_dashed, layout_basic,
          fedhas_altar_decomposition, uniq_blork_the_orc, uniq_sigmund
D:7:      layout_rooms, nzn_wu_jian_contemplation,
          mainiacjoe_overflow_cross_hatched, minmay_temple_entry_ruins,
          ebering_ghost_inner_flame
D:8:      layout_basic, amcnicky_mini_pool_small, nicolae_inconvenience_store,
          uniq_jeremiah, uniq_prince_ribbit1
D:9:      minmay_the_grid_triangle_9x9_recursive_2_mashed
          [minmay_the_grid_triangle_9x9_prize_insulated,
          minmay_the_grid_triangle_9x9_pentomino_pain,
          minmay_the_grid_triangle_9x9_checkered,
          minmay_the_grid_triangle_9x9_impossible_snake], layout_basic,
          nemelex_spade_bored_becter
Temple:   nicolae_temple_panitentiary

Skill      XL: |  1  2  3  4  5  6  7  8  9 10 |
---------------+-------------------------------+-----
Fighting       | 1 2 3 4 5 7 8 |  8.3
Dodging        | 2 3 4 5 |  5.8
Unarmed Combat | 4 5 6 7 9 10 | 10.3
Shapeshifting  | 4 5 6 |  6.8

Action                     |  1- 3 |  4- 6 |  7- 9 | 10-12 || total
---------------------------+-------+-------+-------+-------++-------
  Melee: Unarmed           |    43 |   148 |   223 |    90 ||   504
         Punch             |       |     5 |     5 |     8 ||    18
    Use: Potion            |       |       |     1 |       ||     1
   Stab: Sleeping          |       |     1 |       |     1 ||     2
 Armour: Animal skin       |    25 |   107 |    24 |       ||   156
         Robe              |       |       |   113 |    77 ||   190
         Skin              |       |       |    16 |       ||    16
  Dodge: Dodged            |    22 |    69 |    89 |    35 ||   215

Table legend: (Time is in decaauts)
 A = Elapsed time spent in this place.
 B = Non-inter-level travel time spent in this place.
 C = Inter-level travel time spent in this place.
 D = Time resting spent in this place.
 E = Time spent auto-exploring this place.
 F = Levels seen in this place.
 G = Mean time per level.
                   A        B        C        D        E       F      G
               +--------+--------+--------+--------+--------+-----+--------+
         Total |   6114 |   5858 |    256 |    195 |   4278 |  10 |  611.4 |
       Dungeon |   6053 |   5813 |    240 |    195 |   4278 |   9 |  672.6 |
        Temple |     60 |     44 |     16 |      0 |      0 |   1 |   60.0 |
               +--------+--------+--------+--------+--------+-----+--------+

Top non-repeatable levels by time:
     D:5: 989 daAuts
     D:6: 876 daAuts
     D:4: 847 daAuts
     D:1: 828 daAuts
     D:8: 537 daAuts
     D:9: 534 daAuts
     D:7: 521 daAuts
     D:3: 521 daAuts
     D:2: 397 daAuts
  Temple: 60 daAuts
